Map: Orbital Shipyard

Players

Bop - Winner!

  • Race: Terran Terran

Owl

  • Race: Zerg Zerg

VOD

Have the link to the VOD?

Description

Time

  • Played on: May 2, 2015, 9:48 p.m.
  • Length: 19:28
Show
View Real Time Build Order
Export as new Build Order

Bop Terran - Winner!

Build Orders: MMM Bio 

Get SALT Encoding   

  12  0:01  SCV  
  13  0:13  SCV  
  14  0:23  Supply Depot  
  14  0:25  SCV  
  15  0:36  Refinery  
  15  0:44  SCV  
  15  0:47  Barracks  
  16  0:56  SCV  
  17  1:05  Supply Depot  
  17  1:11  Barracks  
  17  1:14  SCV  
  18  1:26  SCV  
  19  1:36  Reaper  
  19  1:38  Orbital Command  
  20  1:59  Reaper  
  21  2:04  Barracks  
  21  2:05  Barracks  
  21  2:09  Reaper  
  22  2:16  SCV, Refinery  
  23  2:28  SCV  
  24  2:31  Reaper  
  24  2:33  Supply Depot  
  25  2:40  SCV  
  26  2:50  Reaper  
  28  2:51  Reaper  
  28  2:55  SCV  
  28  2:57  Supply Depot  
  29  3:03  Reaper  
  30  3:07  SCV  
  31  3:15  Reaper  
  32  3:24  Command Center  
  32  3:25  Reaper  
  32  3:26  SCV  
  34  3:33  Reaper  
  35  3:51  Barracks Reactor  
  35  3:57  Barracks Reactor  
  34  4:05  Barracks Tech Lab  
  34  4:09  SCV  
  35  4:12  Barracks Tech Lab  
  35  4:15  Command Center  
  35  4:22  SCV  
  35  4:23  Supply Depot  
  36  4:30  Marine x3  
  38  4:32  Stimpack  
  38  4:34  SCV  
  38  4:37  Orbital Command  
  39  4:39  Combat Shields  
  39  4:46  SCV  
  39  4:48  Marine  
  41  4:54  Marauder  
  41  4:58  Marauder  
  42  5:13  Marine x2  
  44  5:15  Marauder  
  44  5:16  SCV  
  44  5:20  Marauder  
  49  5:24  Marine x2  
  51  5:33  SCV  
  51  5:35  Orbital Command  
  52  5:37  Marauder  
  52  5:39  Marine  
  52  5:40  Marine  
  52  5:41  Marauder  
  57  5:48  Engineering Bay  
  57  5:52  Engineering Bay  
  57  5:57  Marine x3  
  57  5:58  Marauder  
  62  6:04  Orbital Command  
  62  6:05  Factory  
  62  6:08  Marauder  
  62  6:10  Marine  
  65  6:19  Marauder, Marine x2  
  65  6:20  Concussive Shells, Marine  
  65  6:25  Refinery  
  70  6:27  Refinery  
  70  6:28  Terran Infantry Weapons Level 1  
  70  6:29  Missile Turret  
  70  6:33  Marine x2  
  70  6:38  Terran Infantry Armor Level 1  
  72  6:53  Marauder, Marine x3  
  72  6:54  Marauder, Marine  
  58  6:58  Starport  
  51  7:04  SCV x3  
  49  7:10  Bunker  
  49  7:15  Marine x3, Marauder  
  53  7:16  Marauder  
  53  7:17  SCV  
  56  7:33  Marine x2  
  56  7:36  Marauder  
  52  7:37  Marauder  
  50  7:47  Marine x2  
  50  7:49  SCV x3  
  47  7:58  Marauder x2  
  49  8:01  SCV x2  
  49  8:04  Marine x2  
  49  8:05  Marine  
  54  8:06  Starport Reactor  
  54  8:07  Factory Reactor  
  54  8:11  SCV  
  55  8:13  SCV  
  55  8:14  Armory  
  55  8:16  Marine  
  55  8:19  Marine, Marauder  
  60  8:21  Barracks  
  60  8:22  Marine  
  60  8:23  Barracks, Marine x2  
  63  8:27  Supply Depot  
  63  8:38  Marauder  
  63  8:39  Marine  
  63  8:40  Marauder  
  63  8:41  SCV x3  
  70  8:45  Supply Depot x2  
  70  8:47  Marine x3  
  74  8:49  Medivac  
  74  8:50  Medivac  
  74  8:51  Widow Mine  
  74  8:53  SCV  
  74  8:54  Widow Mine  
  82  8:56  Marine  
  82  8:59  Marauder  
  82  9:01  SCV x2  
  82  9:02  Marauder  
  89  9:05  SCV  
  89  9:08  Terran Infantry Weapons Level 2  
  90  9:13  SCV  
  90  9:14  Marine x3  
  93  9:17  Barracks Reactor, Barracks Tech Lab  
  93  9:21  Marauder, Widow Mine  
  97  9:32  Marine x2  
  97  9:33  Marauder  
  97  9:34  Missile Turret, Medivac  
  97  9:36  Refinery  
  105  9:41  Marine  
  105  9:42  Refinery, Marine  
  105  9:43  Marauder  
  109  9:56  Marauder  
  109  10:04  Terran Infantry Armor Level 2  
  109  10:05  Factory Tech Lab  
  109  10:12  Barracks  
  109  10:14  Factory  
  109  10:27  Marine  
  109  10:29  Marine x2  
  109  10:33  Marine  
  109  10:34  SCV, Marine  
  109  10:35  SCV, Marine  
  109  10:43  Marauder x3, Medivac  
  109  10:45  Command Center  
  109  10:48  Marine  
  117  10:54  Terran Vehicle and Ship Weapons Level 1  
  117  11:05  Supply Depot  
  117  11:07  Supply Depot  
  117  11:27  Marauder, Siege Tank, Marine x3  
  117  11:28  Marine x5  
  117  11:29  Marauder  
  117  11:30  Factory Tech Lab  
  132  11:40  Supply Depot  
  132  11:41  Supply Depot  
  132  11:45  Marine  
  133  11:51  Marine  
  133  11:52  Terran Infantry Weapons Level 3, Marauder  
  133  11:54  Marauder x2  
  131  11:59  Siege Tank  
  127  12:06  Marine  
  128  12:13  Marauder  
  128  12:14  Marine x3  
  128  12:15  Marauder x2, Marine  
  138  12:24  Missile Turret  
  138  12:28  Missile Turret  
  126  12:41  Marauder  
  126  12:42  Planetary Fortress  
  72  12:46  Marine x5  
  73  12:58  Siege Tank x2  
  76  12:59  Marine  
  80  13:07  Terran Infantry Armor Level 3  
  80  13:19  Marauder, Marine x2  
  85  13:20  Marauder, Marine  
  85  13:24  Marine x2  
  85  13:25  Marine x3  
  92  13:34  Marauder  
  92  13:41  Marauder x2  
  98  13:50  Marine x2  
  98  13:51  Marine x2  
  98  13:52  Siege Tank  
  98  13:53  Siege Tank  
  108  13:56  Marauder  
  108  14:02  Marauder  
  109  14:07  Missile Turret  
  96  14:10  Missile Turret  
  96  14:13  Marauder, Marine x5  
  103  14:17  Marauder  
  103  14:22  Starport Tech Lab, Marine x3  
  103  14:24  Siege Tank  
  111  14:34  Marauder x2, Marine  
  116  14:43  Marine x3  
  109  14:48  Raven  
  111  14:57  Command Center  
  111  14:58  Marine x4  
  115  15:09  SCV x2  
  115  15:12  Marauder x3, Marine x3  
  126  15:22  Starport  
  126  15:24  Marine  
  126  15:25  Marine x3  
  130  15:31  Raven  
  132  15:40  Marine  
  132  15:41  Marine x3, Marauder x3  
  132  15:42  Marine x3  
  145  15:51  Siege Tank x2  
  143  16:04  Marine x6  
  143  16:08  Marine  
  150  16:15  Marauder  
  150  16:16  Marauder x2  
  143  16:32  Missile Turret x2  
  143  16:36  Marine x2  
  143  16:37  Marauder x3, Medivac, Marine  
  99  16:58  Marauder x2  
  99  16:59  Marauder, Marine x2  
  107  17:07  Medivac  
  107  17:08  Medivac  
  111  17:15  Planetary Fortress  
  111  17:20  Marauder  
  113  17:32  Marauder x2, Marine x5  
  122  17:39  Marine  
  122  17:41  Marauder  
  125  17:53  Marine  
  125  17:54  Marauder x2, Marine x5  
  133  18:03  Medivac  
  105  18:26  Marauder, Marine x2  
  105  18:27  Marauder  
  100  18:34  Marauder, Marine x6  
  100  18:43  Siege Tank  
  100  18:44  Marine x2  
  100  18:47  Refinery  
  100  18:48  Marauder  
  97  18:49  Refinery  
  97  18:55  Marine x7  
Show
View Real Time Build Order
Export as new Build Order

Owl Zerg 

Build Orders: Hatch First, Lurkers 

Get SALT Encoding   

  12  0:01  Drone  
  13  0:08  Drone  
  14  0:17  Overlord  
  14  0:24  Drone, Extractor  
  15  0:46  Hatchery  
  14  0:50  Drone  
  14  0:54  Drone  
  16  0:57  Drone  
  17  1:14  Spawning Pool  
  17  1:17  Drone  
  17  1:21  Extractor  
  17  1:22  Drone  
  17  1:25  Drone  
  18  1:33  Drone  
  19  1:55  Drone  
  19  1:56  Drone  
  19  2:00  Queen x2  
  25  2:01  Zergling x2  
  25  2:05  Zergling x2  
  27  2:10  Overlord  
  27  2:17  Zergling x2  
  28  2:27  Metabolic Boost  
  28  2:36  Queen x2  
  32  2:50  Drone x3  
  35  2:52  Overlord  
  35  2:59  Overlord  
  35  3:01  Drone  
  36  3:16  Drone x2  
  36  3:17  Drone x5  
  43  3:25  Queen  
  45  3:27  Drone  
  45  3:28  Drone  
  47  3:38  Queen  
  49  3:43  Drone  
  49  3:44  Roach Warren  
  49  3:55  Drone x3  
  52  3:56  Overlord x2  
  52  3:57  Extractor  
  51  4:05  Drone  
  51  4:06  Overlord  
  51  4:07  Overlord  
  51  4:24  Roach  
  51  4:25  Roach x5  
  51  4:29  Queen  
  51  4:30  Queen  
  65  4:34  Overlord  
  65  4:36  Roach  
  65  4:37  Roach  
  69  5:04  Drone x9  
  78  5:08  Evolution Chamber  
  78  5:09  Evolution Chamber  
  78  5:11  Hatchery  
  74  5:14  Lair  
  74  5:18  Extractor  
  74  5:21  Overlord x2  
  71  5:35  Baneling Nest  
  71  5:41  Zergling x6  
  71  5:42  Zergling x2  
  74  5:46  Roach x2  
  78  5:51  Ravager  
  79  5:58  Zergling x14  
  79  5:59  Zergling x2  
  87  6:06  Ravager  
  88  6:15  Overlord x2  
  90  6:19  Overlord  
  90  6:20  Ravager x2  
  90  6:22  Hatchery  
  91  6:29  Baneling x2  
  91  6:30  Baneling  
  91  6:32  Zergling x8  
  95  6:33  Zergling x10  
  98  6:50  Drone x5  
  98  6:51  Drone  
  93  6:59  Zerg Missile Weapons Level 1  
  93  7:01  Drone x2, Hydralisk Den  
  93  7:08  Drone x4  
  97  7:09  Drone x5  
  97  7:14  Zerg Ground Armor Level 1  
  102  7:21  Overlord x3  
  102  7:24  Extractor  
  102  7:25  Extractor  
  91  7:38  Lurker Den, Roach  
  91  7:41  Drone x4  
  89  7:47  Zergling x2  
  89  7:48  Zergling x28  
  94  7:54  Ravager  
  86  7:58  Hydralisk x2  
  86  7:59  Hydralisk  
  86  8:04  Drone x4  
  86  8:05  Drone  
  97  8:07  Drone x2  
  99  8:20  Hydralisk  
  99  8:21  Hydralisk  
  99  8:22  Hydralisk  
  105  8:30  Hydralisk x3  
  111  8:37  Hatchery  
  111  8:38  Hydralisk x3  
  115  8:52  Overlord  
  115  9:06  Centrifical Hooks  
  115  9:11  Drone x4  
  115  9:12  Drone, Extractor  
  115  9:15  Lurker  
  115  9:16  Lurker x3  
  123  9:22  Hatchery  
  122  9:34  Lurker x2  
  124  9:56  Lurker x2  
  124  9:57  Lurker  
  127  10:08  Zergling x28  
  127  10:09  Zergling x34  
  149  10:27  Baneling  
  149  10:28  Baneling x2  
  149  10:29  Baneling x3  
  149  10:34  Lurker  
  150  10:40  Hydralisk Den  
  149  10:51  Drone  
  149  10:52  Drone x6  
  149  10:53  Overlord x2  
  149  10:54  Zerg Ground Armor Level 2, Zerg Melee Weapons Level 1  
  156  11:01  Overlord x3  
  156  11:03  Baneling x5  
  156  11:11  Spore Crawler, Extractor x2  
  156  11:13  Spine Crawler  
  152  11:22  Baneling x3  
  152  11:23  Baneling x3  
  152  11:37  Roach  
  152  11:38  Roach x17  
  188  11:42  Overseer  
  188  11:43  Drone x4  
  191  11:47  Lurker Den  
  191  11:52  Spine Crawler  
  188  11:54  Spine Crawler  
  186  12:09  Roach x4  
  186  12:10  Roach  
  194  12:26  Spine Crawler  
  168  12:37  Roach x5  
  168  12:38  Roach x14  
  176  12:48  Ravager x3  
  176  12:49  Ravager x3  
  176  12:50  Drone  
  176  12:51  Drone x5  
  186  12:58  Extractor  
  187  13:00  Hydralisk x4  
  187  13:03  Overlord x2  
  195  13:07  Overlord x2  
  195  13:08  Hatchery  
  194  13:23  Baneling x5  
  194  13:24  Baneling x4  
  194  13:39  Zergling x2  
  194  13:40  Zergling x10  
  200  13:47  Overlord  
  175  14:12  Hydralisk x9  
  193  14:20  Spine Crawler  
  193  14:22  Spine Crawler  
  191  14:35  Infestation Pit  
  191  14:37  Zerg Missile Weapons Level 2, Zerg Melee Weapons Level 2  
  188  14:50  Drone  
  188  14:51  Drone x3  
  192  14:54  Muscular Augments  
  192  14:55  Overseer  
  193  15:00  Lurker x5  
  197  15:21  Spore Crawler, Extractor x2  
  196  15:22  Spine Crawler  
  196  15:24  Spine Crawler x3  
  196  15:25  Hive  
  196  15:26  Spine Crawler  
  189  15:38  Lurker x3  
  189  15:39  Lurker  
  181  16:05  Lurker x3  
  181  16:07  Zergling x2  
  181  16:08  Zergling x28  
  176  16:35  Baneling x4  
  176  16:36  Baneling x14  
  163  16:45  Zergling x8  
  163  16:46  Zergling x28  
  91  16:55  Zergling x4  
  91  16:58  Hydralisk x5  
  91  16:59  Hydralisk  
  102  17:03  Overseer  
  102  17:06  Baneling x4  
  102  17:07  Baneling x3  
  102  17:11  Zergling x12  
  102  17:12  Baneling x2  
  102  17:13  Baneling x4  
  108  17:18  Baneling x2  
  108  17:19  Zergling x2  
  108  17:20  Zergling x10  
  114  17:31  Lurker  
  114  17:32  Lurker  
  114  17:40  Lurker  
  114  17:41  Zergling x2  
  114  17:42  Zergling x34  
  130  17:46  Extractor  
  129  18:03  Hatchery  
  129  18:05  Lurker x3  
  128  18:08  Zergling x2, Baneling x2  
  128  18:09  Zergling x18  
  135  18:16  Zergling x2  
  135  18:17  Zergling x8  
  112  18:32  Drone x3  
  112  18:33  Drone x3  
  115  18:39  Hydralisk  
  115  18:40  Hydralisk  
  106  18:48  Overlord x2  
  100  19:03  Hydralisk x2  
  90  19:10  Lurker x2  
Tags
 
Add a new tag
Caveats
  • Supply blocks, unpowered buildings, or Contaminate may cause inaccurate times.
  • Supply counts are checked every 10 seconds.